 Dungeon Crawl Stone Soup version 0.21.1-1-g345015fe64 (webtiles) character file.

1936 Bapho the Ruffian (level 8, 0/79 HPs)
             Began as a Troll Monk on June 9, 2018.
             Was a Believer of Qazlal.
             Slain by Erica
             ... wielding a +0 scimitar of flaming
              (15 damage)
             ... on level 9 of the Dungeon.
             The game lasted 00:16:26 (5719 turns).

Bapho the Ruffian (Troll Monk)                      Turns: 5719, Time: 00:16:26

Health: 0/79       AC:  8    Str: 22    XL:     8   Next: 97%
Magic:  20/20      EV: 11    Int:  9    God:    Qazlal [**....]
Gold:   339        SH:  3    Dex: 12    Spells: 7/7 levels left

rFire    . . .     SeeInvis .     - Unarmed
rCold    . . .     Gourm    +   (no shield)
rNeg     . . .     Faith    .   a - +0 robe
rPois    .         Spirit   .   (helmet restricted)
rElec    .         Reflect  .   o - +2 cloak
rCorr    .         Harm     .   (gloves unavailable)
MR       .....                  (boots unavailable)
Stlth    +.........             (no amulet)
HPRegen  0.63/turn              u - +3 ring of intelligence
MPRegen  0.17/turn              q - ring of magical power

@: lethally poisoned (0 -> 0)
A: large, unfitting armour, claws 3, fast metabolism 3, gourmand, regeneration
1, shaggy fur 1, tough skin 2
a: Upheaval, Renounce Religion


You were on level 9 of the Dungeon.
You worshipped Qazlal.
Qazlal was pleased with you.
You were completely stuffed.

You visited 1 branch of the dungeon, and saw 9 of its levels.

You collected 339 gold pieces.

Inventory:

Missiles
 g - 169 stones (quivered)
Armour
 a - a +0 robe (worn)
 o - a +2 cloak (worn)
Jewellery
 q - a ring of magical power (right claw)
 u - a +3 ring of intelligence (left claw)
 x - an uncursed ring of resist corrosion
Wands
 w - a wand of random effects (77)
Scrolls
 c - 2 scrolls of enchant armour
 d - 5 scrolls of teleportation
 e - a scroll of magic mapping
 f - 4 scrolls of identify
 i - 5 scrolls of remove curse
 k - 3 scrolls of enchant weapon
 n - a scroll of random uselessness {unknown}
 y - 2 scrolls of fear {unknown}
Potions
 j - a potion of berserk rage
 l - 2 potions of degeneration {unknown}
 m - 3 potions of heal wounds
 p - 2 potions of brilliance
 r - 2 potions of curing {unknown}
 s - 3 potions of lignification {unknown}
 v - 2 potions of flight
 z - a potion of magic {unknown}
 A - 2 potions of agility {unknown}
Books
 t - a book of Necromancy

   Spells                             Type                      Level
   a - Pain                           Necromancy                   1
   b - Animate Skeleton               Necromancy                   1
   c - Vampiric Draining              Necromancy                   3
   d - Regeneration                   Charms/Necromancy            3
   e - Animate Dead                   Necromancy                   4
   f - Borgnjor's Vile Clutch         Necromancy/Earth             5
Comestibles
 b - 17 rations
 h - 4 chunks of flesh


   Skills:
 - Level 4.5 Fighting
 - Level 4.5 Dodging
 - Level 1.0 Stealth
 - Level 7.2 Unarmed Combat
 + Level 6.3 Invocations


You had 7 spell levels left.
You didn't know any spells.

Dungeon Overview and Level Annotations

Branches:
Dungeon (10/15)            Temple (0/1) D:7
   Lair: D:8-11         Orc: D:9-12

Altars:
Qazlal
Xom

Annotations:
D:9 Erica


Innate Abilities, Weirdness & Mutations

You are too large for most types of armour.
You have claws for hands.
Your metabolism is lightning-fast.
You like to eat raw meat.
Your natural rate of healing is unusually fast.
You are covered in fur. (AC +1)
You have very tough skin. (AC +2)


Message History

The crimson imp blinks!
As you open the door, it creaks loudly!
You hear a shout!
Erica the Fiery-Tempered comes into view.
She is wielding a scimitar of flaming.
Found an escape hatch in the floor.
There is an open door here.
Found 16 bolts.
Erica casts a spell at you. You resist with significant effort.
Erica points at you and mumbles some strange words.
The bolt of poison hits you!
You are poisoned.
* * * LOW HITPOINT WARNING * * *
You feel sick.
The crimson imp blinks!
You feel sick.
Erica drinks a potion.
Erica seems to grow stronger.
You feel sick.
You feel sick.
There is an escape hatch in the floor here.
Magic restored.
You feel sick.
Erica hits you with a scimitar of flaming!
You die...

######### ######
#.......# .....#
#.......# .....#
#.......####
.....#####..........####
.....'...5.......(......
.....#####.....@@...#
.....# #.....O....#
...††################
###>†...... ####.....
..... .... ... ...


You could see Erica, a two-headed ogre and a crimson imp.

Vanquished Creatures
  2 hippogriffs
  A black bear (D:4)
  A phantom (D:7)
  A sky beast (D:5)
  An ice beast (D:7)
  2 ogres
  2 bullfrogs
  2 wyvern zombies (D:6)
  A scorpion (D:4)
  2 vampire bats (D:5)
  A centaur zombie (D:6)
  5 hounds
  Crazy Yiuf (D:2)
  A centaur skeleton (D:5)
  An orc priest (D:4)
  A bullfrog skeleton (D:4)
  Jessica (D:2)
  2 worker ants (D:5)
  A hound skeleton (D:4)
  2 worker ant zombies (D:5)
  A howler monkey skeleton (D:4)
  4 gnolls (D:4)
  6 adders
  2 shadow imps (D:6)
  2 oozes
  An adder zombie (D:6)
  2 adder skeletons
  3 worms
  2 dart slugs
  4 leopard geckos
  19 orcs
  4 giant cockroaches
  6 hobgoblins
  10 jackals
  8 kobolds
  6 quokkas
  A ball python (D:6)
  13 bats
  7 frilled lizards
  2 goblins (D:3)
  A jackal skeleton (D:4)
  A leopard gecko skeleton (D:4)
  A leopard gecko zombie (D:6)
  A quokka skeleton (D:4)
  5 rats
143 creatures vanquished.

Vanquished Creatures (others)
  2 scorpions (D:4)
  An orc (D:4)
3 creatures vanquished.

Grand Total: 146 creatures vanquished

Notes
Turn   | Place    | Note
-------+----------+-------------------------------------------
     0 | D:1      | Bapho the Troll Monk began the quest for the Orb.
     0 | D:1      | Reached XP level 1. HP: 22/22 MP: 0/0
    66 | D:1      | You fall through a shaft!
   234 | D:1      | Reached XP level 2. HP: 29/29 MP: 1/1
   847 | D:2      | Noticed Jessica
   859 | D:2      | Killed Jessica
   859 | D:2      | Reached XP level 3. HP: 36/36 MP: 2/2
   949 | D:2      | Reached skill level 4 in Unarmed Combat
  1117 | D:2      | Found a runed door.
  1121 | D:2      | Noticed Crazy Yiuf
  1131 | D:2      | Killed Crazy Yiuf
  1131 | D:2      | Reached XP level 4. HP: 35/45 MP: 3/3
  2050 | D:3      | Reached XP level 5. HP: 53/53 MP: 4/4
  2605 | D:4      | Noticed a black bear
  2608 | D:4      | Killed a black bear
  2608 | D:4      | Reached skill level 5 in Unarmed Combat
  2608 | D:4      | Reached XP level 6. HP: 60/61 MP: 5/5
  2727 | D:4      | Found a shimmering altar of Xom.
  2948 | D:4      | Reached skill level 6 in Unarmed Combat
  2953 | D:4      | Reached XP level 7. HP: 65/68 MP: 6/6
  3608 | D:5      | Entered Level 5 of the Dungeon
  4139 | D:5      | Reached skill level 7 in Unarmed Combat
  4178 | D:5      | Found the +4 Vampire's Tooth {vamp}
  4191 | D:5      | Reached XP level 8. HP: 79/79 MP: 7/7
  4433 | D:6      | Noticed an air elemental
  4435 | D:6      | Found a stormy altar of Qazlal.
  4447 | D:6      | Became a worshipper of Qazlal Stormbringer
  4447 | D:6      | Reached * piety under Qazlal
  4447 | D:6      | Reached ** piety under Qazlal
  4455 | D:6      | Reached skill level 1 in Invocations
  5423 | D:7      | Noticed a hippogriff
  5440 | D:7      | Killed a hippogriff
  5531 | D:7      | Reached skill level 5 in Invocations
  5553 | D:7      | Found a staircase to the Ecumenical Temple.
  5662 | D:7      | You fall through a shaft for 3 floors!
  5662 | D:10     | Entered Level 10 of the Dungeon
  5662 | D:10     | Noticed a troll
  5679 | D:10     | Noticed a hippogriff
  5693 | D:9      | Killed a hippogriff
  5699 | D:9      | Noticed a two-headed ogre
  5711 | D:9      | Noticed Erica
  5719 | D:9      | Slain by Erica

Skill      XL: |  1  2  3  4  5  6  7  8 |
---------------+-------------------------+-----
Unarmed Combat | 4 5 6 7 |  7.2
Fighting       | 3 4 |  4.5
Dodging        | 3 4 |  4.5
Invocations    | 6 |  6.3
Stealth        | |  1.0

Action                   |  1- 3 |  4- 6 |  7- 9 || total
-------------------------+-------+-------+-------++-------
Melee: Unarmed           |    73 |   103 |   158 ||   334
       Punch             |     1 |     5 |     6 ||    12
Throw: Stone             |    68 |    95 |   151 ||   314
       Large rock        |       |    21 |     6 ||    27
Invok: Upheaval          |       |       |     1 ||     1
  Use: Scroll            |       |       |    13 ||    13
       Potion            |       |       |     1 ||     1
 Stab: Sleeping          |     1 |       |       ||     1
  Eat: Chunk             |    14 |    19 |    25 ||    58
Armor: Robe              |    27 |    23 |    63 ||   113
Dodge: Dodged            |    43 |    52 |    81 ||   176
Block: Other             |       |       |    12 ||    12
